 Dungeon Crawl Stone Soup version 0.31.0-1-g2c135a0 (webtiles) character file.

Game seed: 5040224958150048609

15529 Fuzzwah the Severer (level 12, -21/108 HPs)
             Began as a Minotaur Berserker on Feb 1, 2024.
             Was a High Priest of Trog.
             Demolished by an alligator snapping turtle (34 damage)
             ... on level 1 of the Shoals.
             The game lasted 00:28:52 (7617 turns).

Fuzzwah the Severer (Minotaur Berserker)            Turns: 7617, Time: 00:28:52

Health: -21/108    AC: 11    Str: 21    XL:     12   Next: 2%
Magic:  11/11      EV: 14    Int:  8    God:    Trog [*****.]
Gold:   521        SH:  0    Dex: 17    Spells: 11/11 levels left

rFire   . . .        i - +2 war axe (elec)
rCold   + + .        (no shield)
rNeg    + + .        r - +0 ring mail of Jautidgh {rPois rC+ rN+ Slay+3}
rPois   +            (helmet restricted)
rElec   .            q - +2 cloak
rCorr   .            p - +0 pair of gloves "Vomedir" {rC+ rN+ Will- Dex+5}
SInv    .            (no boots)
Will    .....        e - amulet of regeneration
Stlth   ++           v - ring of flight
HPRegen 1.18/turn    (no ring)
MPRegen 0.12/turn

%: no passive effects
@: flying
A: horns 2, retaliatory headbutt, clever 1, sense surroundings 1, weak 1
a: Renounce Religion, Berserk, Trog's Hand, Brothers in Arms


You were on level 1 of the Shoals.
You worshipped Trog.
Trog was extremely pleased with you.
You visited 3 branches of the dungeon, and saw 11 of its levels.
You also visited: Ossuary.

You collected 671 gold pieces.
You spent 150 gold pieces at shops.

Inventory:

Hand Weapons
 b - a +4 heavy broad axe
 i - a +2 war axe of electrocution (weapon)
 A - a +2 battleaxe
Armour
 p - the +0 pair of gloves "Vomedir" (worn) {rC+ rN+ Will- Dex+5}
   (You acquired it on level 5 of the Dungeon)

   Dex+5:     It affects your dexterity (+5).
   rC+:       It protects you from cold.
   rN+:       It protects you from negative energy.
   Will-:     It decreases your willpower.
 q - a +2 cloak (worn)
 r - the +0 ring mail of Jautidgh (worn) {rPois rC+ rN+ Slay+3}
   (You found it on level 5 of the Dungeon)

   Slay+3:    It affects your accuracy & damage with ranged weapons and melee
   (+3).
   rC+:       It protects you from cold.
   rPois:     It protects you from poison rN+: It protects you from negative
   energy.
Jewellery
 e - an amulet of regeneration (around neck)
 v - a ring of flight (left hand)
Wands
 y - a wand of charming (16)
 G - a wand of roots (11)
Scrolls
 a - a scroll of immolation
 c - a scroll of poison
 w - 2 scrolls of teleportation
 B - 3 scrolls of revelation
 C - a scroll of enchant weapon
 D - a scroll of enchant armour
 F - a scroll of amnesia {unknown}
Potions
 f - 6 potions of curing
 g - a potion of invisibility {unknown}
 k - 2 potions of attraction {unknown}
 l - 3 potions of enlightenment
 m - 2 potions of magic
 o - a potion of lignification {unknown}
 t - 4 potions of degeneration {unknown}
 u - a potion of cancellation {unknown}
 z - a potion of haste {unknown}


   Skills:
 + Level 10.7 Fighting
 * Level 18.0 Axes
 + Level 1.0 Throwing
 + Level 7.7 Armour
 + Level 7.0 Dodging
 + Level 2.2 Stealth


You had 11 spell levels left.
You didn't know any spells.
Your spell library was empty.

Dungeon Overview and Level Annotations

Branches:
Dungeon (8/15)             Temple (0/1) D:5            Lair (2/5) D:8
 Shoals (1/4) Lair:2      Ossuary (visited)
  Snake: Lair:2-3    Spider: Lair:2-3

Altars:
Yredelemnul

Shops:
D:4 *


Innate Abilities, Weirdness & Mutations

You have a pair of horns on your head.
You reflexively headbutt those who attack you in melee.
Your mind is acute. (Int +4, Str/Dex -1)
You passively map a small area around you.
You are weak. (Str -2)


Message History

The alligator snapping turtle bites you.
* * * LOW HITPOINT WARNING * * *
You closely miss the water nymph. You headbutt the water nymph.
You kill the water nymph!
Trog accepts your kill.
Trog appreciates your killing of a magic user.
You hit the alligator snapping turtle but do no damage.
You have reached level 12!
You feel stronger.
The alligator snapping turtle bites you.
* * * LOW HITPOINT WARNING * * *
The snapping turtle barely misses you.
The alligator snapping turtle bites you but does no damage.
You hit the snapping turtle.
The snapping turtle is lightly wounded.
The snapping turtle bites you.
* * * LOW HITPOINT WARNING * * *
You hit the snapping turtle.
The snapping turtle is lightly wounded.
The alligator snapping turtle bites you from afar.
* * * LOW HITPOINT WARNING * * *
The snapping turtle closely misses you. You furiously retaliate!
You headbutt the snapping turtle. You hit the snapping turtle.
The snapping turtle is moderately wounded.
You hit the snapping turtle.
Your headbutt misses the snapping turtle.
The snapping turtle is moderately wounded.
The alligator snapping turtle bites you but does no damage.
The snapping turtle bites you!
* * * LOW HITPOINT WARNING * * *
You hit the snapping turtle but do no damage.
Lightning courses through the snapping turtle!
The snapping turtle is heavily wounded.
The alligator snapping turtle bites you from afar!
* * * LOW HITPOINT WARNING * * *
You feel better. The snapping turtle misses you.
The alligator snapping turtle attacks as it pursues you!
The alligator snapping turtle bites you from afar!!
You die...

≈≈≈~~~. * , , ~ ~ ≈≈~~~..
##..#### ..~.. ,, ≈≈~~~..###
#...##.##.~~~.
~≈≈~~~.....##.........~~.~ ,
~~≈≈≈~~.......~~~......~~..,
≈≈≈~~~~.###..~~..~~...~..
≈≈≈~~~~.<# *#.~~~~~~.....
~≈≈≈≈~~~~.##
#..~~~~...=~~,,,
≈≈≈≈≈~~~:(###.@~t~....~~~
≈≈≈≈≈~~~~.....t>.~...~~~~
≈≈≈≈≈≈~~~~~~.###.~~~~~~~~ ~
~ ≈≈≈≈≈≈~~~~~...##.~~~~~[~~
~ ≈~~~≈~~~~~~~.....~~~~~~~~
≈P~S~P..~~~~~~...~~~~~~~~ ~
~~~.)$..~~...~~~~~~~~~~~~
~...P.###...~~~~~~~≈≈≈≈≈ ~
P#... *#...~.~~~~≈


You could see an alligator snapping turtle and a snapping turtle.

Vanquished Creatures
  2 two-headed ogres (D:8)
  Amaemon (Lair:2)
  A water nymph (Shoals:1)
  6 cane toads
  An orange demon (Lair:2)
  2 unseen horrors
  Jeremiah (D:6)
  2 rime drakes
  A tengu conjurer (D:8)
  2 komodo dragons (Lair:1)
  A polar bear (Lair:2)
  Prince Ribbit (D:8)
  Sigmund (D:2)
  17 yaks
  A basilisk (Lair:2)
  2 wyverns (D:8)
  A steam dragon (D:8)
  9 water moccasins
  2 sky beasts
  9 ice beasts (D:8)
  A black bear (D:4)
  3 centaurs
  6 wolves
  A phantom (D:6)
  4 elf zombies (Ossuary)
  2 bullfrogs
  3 kobold brigands
  2 gnoll sergeants
  A scorpion (D:6)
  13 wights
  3 killer bees (D:7)
  2 howler monkeys
  2 centaur zombies (Ossuary)
  2 jellies (D:6)
  A hound (D:5)
  6 orc priests
  A sleepcap (D:6)
  2 gnoll boudas
  Jessica (D:2)
  3 iguanas (D:5)
  7 orc wizards
  5 hell rats (Lair:2)
  2 hound zombies (Ossuary)
  2 mummies (Ossuary)
  Robin (D:3)
  19 gnolls
  4 adders
  3 white imps
  2 ufetubi (D:6)
  8 adder zombies (Ossuary)
  5 dart slugs
  A ribbon worm (D:2)
  23 orcs
  9 endoplasms
  7 giant cockroaches
  4 gnoll zombies (Ossuary)
  14 goblins
  9 hobgoblins
  6 jackals (D:2)
  8 ball pythons
  8 bats
  4 frilled lizards
  5 jackal zombies (Ossuary)
  21 kobolds
  6 kobold zombies (Ossuary)
  5 orc zombies (Ossuary)
  6 rats
316 creatures vanquished.

Vanquished Creatures (collateral kills)
  2 centaurs (Lair:2)
2 creatures vanquished.

Vanquished Creatures (others)
  A wolf (D:8)
1 creature vanquished.

Grand Total: 319 creatures vanquished

Notes
Turn   | Place    | Note
-------+----------+-------------------------------------------
     0 | D:1      | Fuzzwah the Minotaur Berserker began the quest for the Orb.
     0 | D:1      | Reached XP level 1. HP: 19/19 MP: 0/0
   177 | D:1      | Reached skill level 4 in Axes
   177 | D:1      | Reached XP level 2. HP: 27/27 MP: 1/1
   531 | D:1      | Reached ** piety under Trog
   532 | D:1      | Reached XP level 3. HP: 33/33 MP: 2/2
   879 | D:2      | Reached skill level 5 in Axes
   945 | D:2      | Identified the +2 leather armour "Zeaxtibe" {Regen+ Stlth+}
  1008 | D:2      | Reached XP level 4. HP: 20/40 MP: 3/3
  1178 | D:2      | Noticed Jessica
  1187 | D:2      | Killed Jessica
  1188 | D:2      | Reached skill level 6 in Axes
  1285 | D:2      | Reached XP level 5. HP: 47/47 MP: 4/4
  1406 | D:2      | Noticed Sigmund
  1415 | D:2      | Killed Sigmund
  1416 | D:2      | Reached skill level 7 in Axes
  1416 | D:2      | Reached skill level 1 in Throwing
  1416 | D:2      | Reached XP level 6. HP: 53/53 MP: 5/5
  1741 | D:3      | Found a faded altar of an unknown god.
  1915 | D:3      | Noticed Robin
  1925 | D:3      | Killed Robin
  1927 | D:3      | Reached *** piety under Trog
  2186 | D:4      | Found a sand-covered staircase.
  2190 | Ossuary  | Entered an ossuary
  2350 | Ossuary  | Reached skill level 8 in Axes
  2350 | Ossuary  | Reached XP level 7. HP: 53/60 MP: 6/6
  2377 | Ossuary  | Reached skill level 5 in Fighting
  2383 | Ossuary  | Reached skill level 1 in Stealth
  2387 | Ossuary  | Reached **** piety under Trog
  2408 | Ossuary  | Reached skill level 9 in Axes
  2458 | D:4      | Found Ariqoic's Assorted Antiques.
  2474 | D:4      | Bought a ruby ring for 150 gold pieces
  2848 | D:5      | Entered Level 5 of the Dungeon
  2917 | D:5      | Identified a scroll of acquirement
  2921 | D:5      | Acquired the +0 pair of gloves "Vomedir" {rC+ rN+ Will-
                  | Dex+5}
  2945 | D:5      | Reached XP level 8. HP: 62/69 MP: 7/7
  2954 | D:5      | Reached skill level 10 in Axes
  2964 | D:5      | Found a staircase to the Ecumenical Temple.
  3271 | D:5      | Identified the +0 ring mail of Jautidgh {rPois rC+ rN+
                  | Slay+3}
  3753 | D:6      | Reached skill level 11 in Axes
  3777 | D:6      | Noticed Jeremiah
  3798 | D:6      | Reached ***** piety under Trog
  3801 | D:6      | Killed Jeremiah
  3802 | D:6      | Reached skill level 12 in Axes
  3802 | D:6      | Reached XP level 9. HP: 55/75 MP: 8/8
  4062 | D:6      | Killed an unseen horror
  4063 | D:6      | Reached skill level 13 in Axes
  4113 | D:6      | Found a basalt altar of Yredelemnul.
  4517 | D:7      | Reached skill level 5 in Armour
  4787 | D:7      | Reached skill level 5 in Dodging
  4801 | D:7      | Reached skill level 14 in Axes
  5214 | D:8      | Noticed Prince Ribbit
  5223 | D:8      | Reached XP level 10. HP: 79/86 MP: 9/9
  5227 | D:8      | Killed Prince Ribbit
  5276 | D:8      | Reached skill level 15 in Axes
  5358 | D:8      | Found a staircase to the Lair.
  5458 | D:8      | Noticed a two-headed ogre
  5458 | D:8      | Noticed a two-headed ogre
  5464 | D:8      | Identified the +5 leather armour of Wyduge {Rampage *Slow
                  | Int+3}
  5470 | D:8      | Killed a two-headed ogre
  5471 | D:8      | Reached skill level 16 in Axes
  5474 | D:8      | Killed a two-headed ogre
  5475 | D:8      | Reached XP level 11. HP: 95/95 MP: 10/10
  5861 | Lair:1   | Entered Level 1 of the Lair of Beasts
  5871 | Lair:1   | Gained mutation: You sometimes lose your temper in combat.
                  | [potion of mutation]
  5871 | Lair:1   | Gained mutation: Your muscles are strong. (Str +4, Int/Dex
                  | -1) [potion of mutation]
  5871 | Lair:1   | Gained mutation: You expend magic power (3 MP) to
                  | strengthen your wands. [potion of mutation]
  5893 | Lair:1   | Reached skill level 17 in Axes
  5896 | Lair:1   | Reached ****** piety under Trog
  6119 | Lair:1   | Received a gift from Trog
  6219 | Lair:1   | Lost mutation: You expend magic power (3 MP) to strengthen
                  | your wands. [potion of mutation]
  6219 | Lair:1   | Lost mutation: Your muscles are strong. (Str +4, Int/Dex
                  | -1) [potion of mutation]
  6219 | Lair:1   | Lost mutation: You sometimes lose your temper in combat.
                  | [potion of mutation]
  6219 | Lair:1   | Gained mutation: You are weak. (Str -2) [potion of
                  | mutation]
  6219 | Lair:1   | Gained mutation: You passively map a small area around you.
                  | [potion of mutation]
  6219 | Lair:1   | Gained mutation: Your mind is acute. (Int +4, Str/Dex -1)
                  | [potion of mutation]
  6365 | Lair:1   | Reached skill level 10 in Fighting
  6761 | Lair:2   | Noticed Amaemon
  6774 | Lair:2   | Killed Amaemon
  6975 | Lair:2   | Found a staircase to the Shoals.
  7174 | Lair:2   | Reached skill level 18 in Axes
  7594 | Shoals:1 | Entered Level 1 of the Shoals
  7594 | Shoals:1 | Noticed a sea snake
  7600 | Shoals:1 | Noticed an alligator snapping turtle
  7609 | Shoals:1 | Reached XP level 12. HP: 28/108 MP: 11/11
  7615 | Shoals:1 | HP: 1/108 [alligator snapping turtle (10)]
  7617 | Shoals:1 | Demolished by an alligator snapping turtle

Illustrated notes

Levels and vault maps discovered:
D:1:      shiori_arrival_oz, layout_basic, minmay_quantized
D:2:      layout_loops_ring, uniq_jessica, uniq_sigmund
D:3:      layout_basic, ebering_ecumenical_altar_abandoned,
          chequers_decorated_corner, kennysheep_boxes, uniq_robin
D:4:      layout_cave_pools, serial_shops, shop, enter_ossuary_5
D:5:      layout_loops_corners, minmay_temple_entry_trees, nrook_campfire,
          minmay_crystal_room, minmay_misc_feat_rows, hex_tiny
D:6:      layout_cave_pools, nicolae_overflow_crystal_walls, grunt_ministairs_6,
          hangedman_decor_slide_cut, uniq_jeremiah
D:7:      layout_basic
D:8:      minmay_opposing_rooms, layout_rooms, hellmonk_lair_entry_icy,
          uniq_prince_ribbit1
Lair:1:   layout_cave_pods
Lair:2:   layout_gridlike, minmay_shoals_entry_centaurs, st_stairs_5,
          patterned_corridor, uniq_amaemon
Shoals:1: layout_shoals, nicolae_shoals_wave_tunnel

Skill      XL: |  1  2  3  4  5  6  7  8  9 10 11 |
---------------+----------------------------------+-----
Axes           | 4 5 6 7 8 9 12 14 16 18 | 18.0
Fighting       | 4 5 6 7 8 10 | 10.7
Throwing       | 1 |  1.0
Dodging        | 3 4 5 7 |  7.0
Stealth        | 1 2 |  2.2
Armour         | 3 5 6 7 |  7.7

Action                     |  1- 3 |  4- 6 |  7- 9 | 10-12 || total
---------------------------+-------+-------+-------+-------++-------
  Melee: Hand axe          |    89 |    38 |       |       ||   127
         Headbutt          |    12 |    23 |    38 |    41 ||   114
         War axe           |       |   103 |   234 |   205 ||   542
         Punch             |       |     1 |     3 |     4 ||     8
  Throw: Stone             |    16 |       |       |       ||    16
 Invoke: Berserk           |       |     2 |     1 |     3 ||     6
         Brothers in Arms  |       |       |       |     1 ||     1
    Use: Scroll            |       |     7 |    10 |     1 ||    18
         Potion            |       |       |       |     4 ||     4
   Stab: Sleeping          |       |     5 |     2 |       ||     7
 Armour: Animal skin       |    47 |    20 |       |       ||    67
         Leather armour    |       |    52 |    41 |       ||    93
         Chain mail        |       |       |    18 |       ||    18
         Ring mail         |       |       |   110 |   162 ||   272
  Dodge: Dodged            |    66 |    91 |   115 |   115 ||   387
